Map: The Vermillion Problem

Players

ZPR

  • Race: Zerg Zerg
  • League: Master
  • Spawn Location: 11:00

Meursault

  • Race: Terran Terran
  • Spawn Location: 11:00

VOD

Have the link to the VOD?

Description

Time

  • Played on: Sept. 22, 2017, 1:31 p.m.
  • Length: 22:09
Show
View Real Time Build Order
Export as new Build Order

ZPR Zerg 

Build Orders:  

Get SALT Encoding   

  12  0:03  Drone  
  13  0:18  Overlord  
  13  0:25  Drone  
  14  0:43  Drone x2  
  16  0:50  Drone  
  17  1:02  Drone  
  18  1:11  Spawning Pool  
  18  1:17  Drone  
  18  1:20  Extractor  
  18  1:24  Extractor  
  16  1:31  Drone  
  17  1:42  Queen  
  19  1:50  Evolution Chamber  
  19  1:56  Drone  
  19  2:01  Drone  
  20  2:16  Drone  
  21  2:32  Heroic Fortitude  
  21  2:36  Overlord  
  21  2:46  Drone  
  22  2:56  Lair  
  22  3:01  Zerg Melee Weapons Level 1  
  22  3:08  Metabolic Boost  
  22  3:10  Drone  
  22  3:19  Drone x2  
  25  3:23  Drone  
  26  3:31  Drone  
  27  3:43  Overlord  
  27  3:47  Drone  
  28  4:03  Nydus Network  
  28  4:06  Drone  
  28  4:32  Drone x3  
  28  4:33  Drone x3  
  34  4:52  Chain Reaction  
  34  4:56  Omega Worm  
  34  5:11  Hatchery  
  33  5:20  Drone x2  
  35  5:36  Zerg Melee Weapons Level 2  
  35  5:41  Extractor  
  35  5:42  Extractor  
  33  6:01  Drone x3  
  33  6:02  Drone x2  
  33  6:04  Overlord x2  
  38  6:29  Hydralisk Den  
  37  6:41  Hive  
  37  6:43  Hardened Carapace  
  37  6:49  Drone x3  
  40  7:00  Drone x3  
  40  7:07  Zerg Ground Armor Level 1  
  43  7:14  Omega Worm  
  43  7:27  Drone  
  43  7:28  Drone x6  
  50  7:32  Muscular Augments  
  50  7:48  Drone x4  
  54  7:51  Overlord  
  54  8:17  Drone x2  
  54  8:18  Drone  
  57  8:36  Ancillary Carapace  
  57  8:39  Hydralisk x3  
  67  8:40  Overlord, Hydralisk x2  
  67  8:47  Ability Efficiency  
  67  9:20  Frenzy  
  67  9:29  Adrenal Overload  
  67  9:35  Overlord x3  
  67  9:38  Hydralisk  
  67  9:39  Hydralisk x3  
  75  9:44  Omega Worm, Zerg Melee Weapons Level 3  
  75  9:58  Shredding Claws  
  75  10:07  Hydralisk  
  75  10:08  Hydralisk x5  
  81  10:17  Hydralisk x4  
  89  10:28  Zergling x4  
  97  10:30  Hydralisk x3  
  97  10:42  Zergling x2  
  97  10:43  Zergling x4  
  97  10:45  Overlord  
  100  11:10  Queen  
  100  11:17  Nydus Network  
  101  11:20  Nydus Network  
  101  11:28  Hydralisk  
  101  11:29  Hydralisk x3  
  107  11:41  Omega Worm  
  107  11:47  Zergling x3  
  105  11:53  Zergling  
  105  11:58  Overlord x2  
  105  11:59  Overlord  
  105  12:02  Hydralisk x3  
  105  12:03  Zergling x4  
  105  12:04  Zergling  
  105  12:05  Zergling  
  105  12:08  Zergling  
  103  12:10  Zergling x4  
  103  12:11  Zergling x6  
  108  12:21  Overlord  
  108  12:22  Overlord  
  107  12:34  Zergling x13  
  107  12:35  Zergling  
  107  12:36  Zergling  
  107  12:37  Zergling x2  
  107  12:38  Zergling x3  
  97  12:40  Zergling x6  
  97  12:41  Zergling  
  97  12:42  Zergling x3  
  97  12:45  Zergling x5  
  97  12:46  Zergling x2  
  97  12:47  Zergling  
  97  12:48  Hydralisk x2, Zergling x3  
  97  12:49  Hydralisk x3, Zergling x2  
  105  12:53  Zergling x4  
  105  12:54  Zergling x2  
  105  12:56  Zergling  
  108  13:03  Hydralisk x2  
  108  13:04  Zergling x2  
  108  13:07  Zergling x8  
  109  13:17  Zergling x8  
  109  13:18  Zergling x4  
  114  13:30  Zergling x2  
  114  13:31  Zergling x2  
  114  13:37  Zergling  
  114  13:38  Zergling  
  116  13:43  Zergling  
  116  13:49  Hydralisk x2  
  128  13:53  Hydralisk x2  
  128  13:54  Hydralisk x2, Zergling x15  
  128  13:55  Zergling x9  
  128  13:56  Zergling x2  
  128  13:57  Omega Worm, Zergling x8  
  128  13:58  Zergling x8  
  128  13:59  Zergling x13  
  124  14:00  Zergling x6  
  124  14:01  Zergling  
  124  14:02  Zergling x9  
  124  14:04  Zergling x7  
  124  14:05  Zergling  
  124  14:08  Zergling x2  
  129  14:10  Hydralisk  
  129  14:11  Hydralisk x5  
  129  14:12  Zergling x4  
  129  14:13  Zergling x9  
  129  14:14  Zergling x2  
  129  14:15  Zergling x11  
  129  14:16  Zergling x2  
  129  14:17  Zergling x2  
  129  14:18  Zergling x5  
  129  14:19  Zergling x3  
  129  14:20  Zergling  
  129  14:21  Zergling x2  
  129  14:23  Zergling x2  
  129  14:25  Zergling  
  140  14:30  Zergling x2  
  140  14:32  Zergling  
  140  14:33  Hydralisk x3  
  140  14:34  Hydralisk x3  
  140  14:35  Omega Worm  
  139  14:50  Hydralisk x5  
  128  15:03  Zergling x2  
  128  15:04  Zergling x8  
  129  15:11  Zergling x4  
  129  15:15  Zerg Ground Armor Level 2  
  129  15:18  Zergling x13  
  129  15:19  Zergling  
  135  15:21  Zergling  
  135  15:23  Zergling x4  
  135  15:28  Zergling x6  
  136  15:30  Zergling  
  136  15:35  Zergling  
  136  15:41  Zergling x2  
  136  15:42  Zergling x4  
  136  15:43  Zergling x3  
  136  15:45  Zergling x2  
  136  15:49  Zergling x2  
  116  16:06  Zergling  
  116  16:07  Zergling  
  116  16:09  Zergling x2  
  100  16:10  Zergling x14  
  100  16:14  Hydralisk, Zergling x2  
  100  16:15  Hydralisk x3  
  100  16:17  Zergling x2  
  101  16:24  Zergling  
  101  16:25  Drone x2, Zergling  
  101  16:27  Drone x3  
  101  16:29  Drone x4, Zergling x2  
  110  16:31  Zergling  
  110  16:35  Zergling x2  
  110  16:36  Zergling x2  
  110  16:37  Zergling x3  
  110  16:38  Zergling x2  
  110  16:39  Hydralisk, Zergling x4  
  112  16:40  Zergling x2  
  112  16:41  Zergling x2  
  112  16:42  Zergling x6  
  112  16:43  Zergling x7  
  112  16:44  Zergling  
  112  16:45  Zergling x2  
  112  16:46  Zergling  
  112  16:47  Zergling  
  112  16:48  Hydralisk x2, Zergling x5  
  116  16:53  Zergling  
  116  16:55  Zergling x5  
  116  16:56  Zergling  
  116  16:59  Zergling x5  
  115  17:09  Hydralisk x2  
  130  17:21  Hydralisk  
  130  17:22  Hydralisk x6  
  130  17:23  Hydralisk x3  
  125  17:44  Hydralisk x2  
  131  17:54  Hydralisk  
  131  17:55  Hydralisk x4  
  131  18:04  Zergling x12  
  137  18:14  Omega Worm  
  129  18:21  Omega Worm  
  129  18:22  Zergling x3  
  129  18:23  Zergling x4  
  129  18:24  Zergling  
  129  18:25  Zergling x3  
  129  18:26  Zergling x2  
  129  18:27  Zergling x3  
  129  18:28  Zergling x3  
  129  18:29  Zergling  
  137  18:30  Zergling  
  137  18:32  Hydralisk x4  
  137  18:33  Hydralisk  
  137  18:34  Zergling x7  
  137  18:36  Zergling  
  137  18:37  Omega Worm  
  137  18:39  Zergling x6  
  137  18:45  Zergling x2  
  137  18:46  Zergling x14  
  146  19:05  Hydralisk x2  
  144  19:15  Omega Worm  
  144  19:25  Omega Worm  
  144  19:33  Overlord  
  144  19:34  Overlord x3  
  144  19:35  Zergling  
  144  19:36  Zergling  
  144  19:37  Hydralisk  
  146  19:43  Omega Worm  
  148  20:05  Hydralisk  
  148  20:06  Hydralisk x5  
  158  20:17  Zergling x2  
  158  20:18  Zergling x6  
  162  20:37  Zergling x2  
  162  20:38  Zergling x20  
  171  20:45  Zergling x2  
  159  20:51  Zergling x5  
  159  20:52  Zergling x5  
  159  20:53  Zergling x3  
  159  20:54  Zergling x7  
  159  20:55  Zergling x5  
  159  20:56  Zergling x3  
  159  20:57  Zergling x6  
  159  20:58  Zergling  
  156  21:00  Zergling x3  
  156  21:01  Zergling  
  156  21:02  Zergling  
  156  21:03  Zergling x3  
  156  21:04  Zergling  
  156  21:07  Zergling  
  156  21:09  Zergling  
  156  21:12  Zergling  
  156  21:15  Zergling  
  156  21:18  Omega Worm  
Show
View Real Time Build Order
Export as new Build Order

Meursault Terran 

Build Orders:  

Get SALT Encoding   

Tags
 
Add a new tag
Caveats
  • Supply blocks, unpowered buildings, or Contaminate may cause inaccurate times.
  • Supply counts are checked every 10 seconds.